 Dungeon Crawl Stone Soup version 0.29.1-15-g9cfb28693d (webtiles) character file.

Game seed: 6579521589282935432

69 dudediamond6 the Sneak (level 4, -7/30 HPs)
             Began as an Octopode Brigand on Feb 24, 2023.
             Mangled by a gnoll
             ... wielding a +0 flail
              (11 damage)
             ... on level 2 of the Dungeon.
             The game lasted 00:01:34 (1347 turns).

dudediamond6 the Sneak (Octopode Brigand)           Turns: 1347, Time: 00:01:35

Health: -7/30      AC:  1    Str: 16    XL:     4   Next: 20%
Magic:  4/4        EV: 12    Int: 13    God:
Gold:   62         SH:  0    Dex: 15    Spells: 3/3 levels left

rFire   . . .      SeeInvis .   a - +2 dagger
rCold   . . .      Faith    .   (no shield)
rNeg    . . .      Spirit   .   (helmet restricted)
rPois   .          Reflect  .   (no amulet)
rElec   .          Harm     .   g - +6 ring of strength
rCorr   .          Rampage  .   (no ring)
Will    .....                   (no ring)
Stlth   ++++......              (no ring)
HPRegen 0.10/turn               (no ring)
MPRegen 0.09/turn               (no ring)
                                (no ring)
                                (no ring)

@: no status effects
A: almost no armour, amphibious, 8 rings, camouflage 1, gelatinous body 1,
(nimble swimmer 1), tentacles
a: no special abilities


You were on level 2 of the Dungeon.
You visited 1 branch of the dungeon, and saw 2 of its levels.

You collected 62 gold pieces.

Inventory:

Hand Weapons
 a - a +2 dagger (weapon)
Missiles
 b - 9 poisoned darts (quivered)
 c - 3 curare-tipped darts
Jewellery
 g - a +6 ring of strength (left tentacle)
Scrolls
 d - 2 scrolls of blinking {unknown}
 e - 3 scrolls of identify {unknown}
 h - a scroll of butterflies {unknown}
 i - a scroll of fear {unknown}
Potions
 f - a potion of magic {unknown}


   Skills:
 * Level 2.5 Fighting
 * Level 2.6 Short Blades
 - Level 2.0 Throwing
 - Level 1.0 Dodging
 + Level 6.9 Stealth


You had 3 spell levels left.
You didn't know any spells.
Your spell library was empty.

Dungeon Overview and Level Annotations

Branches:
Dungeon (2/15)

Altars:
Trog


Innate Abilities, Weirdness & Mutations

You cannot wear most types of armour.
You are amphibious.
You can wear up to eight rings at the same time.
Your skin changes colour to match your surroundings (Stealth+).
Your rubbery body absorbs attacks. (AC +1, EV +1)
((You are camouflaged when in or above water. (Stealth+)))
You have tentacles for arms and can constrict up to eight enemies at once.


Message History

You hit the gnoll but do no damage. You squeeze the gnoll!
You kill the gnoll!
No target in view!
A gnoll and a kobold come into view.
The kobold shouts!
The gnoll shouts!
You hear a shout!
You closely miss the kobold. Your grab misses the kobold.
The kobold hits you with a +0 short sword.
You barely miss the kobold. Your grab misses the kobold.
Your squeeze misses the kobold. The kobold closely misses you.
You hit the kobold.
You kill the kobold!
The gnoll hits you with a +0 flail! The gnoll barely misses you.
There is an open door, spattered with blood here.
You see here a +0 short sword.
The gnoll attacks as you move away! The gnoll closely misses you.
You barely miss the gnoll. You grab the gnoll. You constrict the gnoll.
The gnoll closely misses you.
You hit the gnoll. You squeeze the gnoll.
You kill the gnoll!
The gnoll throws a throwing net.
The throwing net barely misses you.
You have reached level 4!
You are too injured to fight recklessly!
You are too injured to fight recklessly!
You are too injured to fight recklessly!
The gnoll closely misses you.
Things that are here:
a +0 flail; a gnoll corpse You hit the gnoll.
You grab the gnoll. You squeeze the gnoll!
The gnoll is severely wounded.
You constrict the gnoll, but do no damage.
The gnoll hits you with a +0 whip.
* * * LOW HITPOINT WARNING * * *
You hit the gnoll but do no damage. You squeeze the gnoll.
The gnoll is almost dead.
You constrict the gnoll.
You kill the gnoll!
You hit the gnoll. Your grab misses the gnoll. You squeeze the gnoll!
The gnoll is almost dead.
The gnoll hits you with a +0 flail!
You die...

##### # #...# ..#
#...# ###...#
#...###......#
#(...@g.......
#..)###....###
#..........#
#..........###.#.#
##.#...........#.#
#...##.........#.#
#...##.........#.#
#..............#.#
#..............#.#


You could see a gnoll.

Vanquished Creatures
  3 gnolls (D:2)
  A dart slug (D:1)
  3 ball pythons (D:1)
  9 bats
  4 endoplasms (D:1)
  2 giant cockroaches (D:1)
  A hobgoblin (D:1)
  A quokka (D:1)
  5 frilled lizards (D:1)
  3 goblins
  A kobold (D:2)
  6 rats (D:1)
39 creatures vanquished.

Notes
Turn   | Place    | Note
-------+----------+-------------------------------------------
     0 | D:1      | dudediamond6 the Octopode Brigand began the quest for the
                  | Orb.
     0 | D:1      | Reached XP level 1. HP: 14/14 MP: 1/1
   174 | D:1      | Reached XP level 2. HP: 13/19 MP: 2/2
   315 | D:1      | Found a faded altar of an unknown god.
   452 | D:1      | Reached skill level 6 in Stealth
   725 | D:1      | Reached XP level 3. HP: 19/24 MP: 3/3
  1243 | D:2      | Found a bloodstained altar of Trog.
  1344 | D:2      | Reached XP level 4. HP: 10/30 MP: 4/4
  1347 | D:2      | Mangled by a gnoll

Illustrated notes

Levels and vault maps discovered:
D:1:      dpeg_arrival_renting, layout_basic,
          hellmonk_ecumenical_altar_slurped_away
D:2:      kennysheep_big_flooded_room, layout_basic, basic_altar

Skill      XL: |  1  2 |
---------------+-------+-----
Stealth        | 6 |  6.9
Fighting       | |  2.5
Short Blades   | |  2.6
Throwing       | |  2.0
Dodging        | |  1.0

Action                   |  1- 3 |  4- 6 || total
-------------------------+-------+-------++-------
Melee: Dagger            |    59 |     3 ||    62
       Constrict         |     9 |     1 ||    10
       Tentacles         |     8 |     3 ||    11
 Stab: Sleeping          |    18 |       ||    18
Armor: Skin              |     5 |       ||     5
Dodge: Dodged            |    21 |     1 ||    22
